[Event "Vastgota Open 2022"]
[Site "Skara stadshotell, Jarnvagsgatan 5, Skara, Sweden"]
[Date "2022.10.29"]
[Round "1.1"]
[White "Holmgren, Peter"]
[Black "Blomqvist, Erik"]
[Result "0-1"]
[TimeControl "30 minutes + 10 seconds per move from move one."]
[BlackTitle "GM"]
[WhiteFideId "1713906"]
[BlackFideId "1709437"]
[WhiteElo "1802"]
[BlackElo "2490"]

1. d4 Nf6 2. Nf3 d5 3. e3 c5 4. c4 cxd4 5. exd4 g6 6. Nc3 Bg7 7. c5 O-O 8. Be2 b6 9.
b4 a5 10. Ba3 axb4 11. Bxb4 Nc6 12. a3 Ne4 13. Rc1 bxc5 14. dxc5 Nxb4 15. Nxe4 dxe4 16. axb4 exf3 17. Bxf3 Qxd1+ 18. Bxd1 Rb8 19. Rc4 Ba6 20. Re4 Bc3# 0-1

[Event "Vastgota Open 2022"]
[Site "Skara stadshotell, Jarnvagsgatan 5, Skara, Sweden"]
[Date "2022.10.29"]
[Round "1.2"]
[White "Cramling, Pia"]
[Black "Westerlind, Sture"]
[Result "1-0"]
[TimeControl "30 minutes + 10 seconds per move from move one."]
[WhiteTitle "GM"]
[WhiteFideId "1700030"]
[BlackFideId "1745654"]
[WhiteElo "2421"]
[BlackElo "1783"]

1. d4 d5 2. c4 e6 3. Nc3 Nf6 4. cxd5 exd5 5. Bg5 c6 6. e3 Be7 7. Bd3 h6 8. Bf4 O-O 9. h3 Bd6 10.
Nge2 Re8 11. Qc2 Nh5 12. Bxd6 Qxd6 13. O-O-O b5 14. g4 Nf6 15. Ng3 Na6 16. Qd2 b4 17. Na4 Rb8 18. Kb1 Ne4 19.
Nxe4 dxe4 20. Bxa6 Bxa6 21. Nc5 Bc4 22. Rc1 Bd5 23. Qe2 a5 24. h4 Qg6 25. Rhg1 Re7 26. Ka1 Ra7 27. b3 Rb5 28.
Qc2 Qd6 29. Nxe4 Bxe4 30. Qxe4 a4 31. Rxc6 Qf8 32. Rgc1 Rb8 33. Rc7 Raa8 34. Kb2 axb3 35. axb3 Qd6 36. Qf5 1-0

[Event "Vastgota Open 2022"]
[Site "Skara stadshotell, Jarnvagsgatan 5, Skara, Sweden"]
[Date "2022.10.29"]
[Round "1.3"]
[White "Eriksson, Magnus"]
[Black "Bellon Lopez, Juan Manuel"]
[Result "0-1"]
[TimeControl "30 minutes + 10 seconds per move from move one."]
[BlackTitle "GM"]
[WhiteFideId "1709941"]
[BlackFideId "2200031"]
[WhiteElo "1766"]
[BlackElo "2347"]

1. Nf3 g6 2. g3 Bg7 3. Bg2 e6 4. e4 c5 5. O-O Nc6 6. Nc3 Nge7 7. d3 O-O 8. Be3 Nd4 9. Rb1 d6 10.
Ne2 Nec6 11. c3 Nxf3+ 12. Bxf3 b6 13. Bg2 Bb7 14. d4 Rc8 15. d5 exd5 16. exd5 Ne5 17. h3 Re8 18. b3 Ba6 19.
Qd2 Rc7 20. Rfe1 Nd3 21. Rf1 Rce7 22. c4 Nxf2 0-1

[Event "Vastgota Open 2022"]
[Site "Skara stadshotell, Jarnvagsgatan 5, Skara, Sweden"]
[Date "2022.10.29"]
[Round "1.4"]
[White "Golubka, Petro"]
[Black "Olsson, Stefan"]
[Result "1-0"]
[TimeControl "30 minutes + 10 seconds per move from move one."]
[WhiteTitle "GM"]
[WhiteFideId "14114224"]
[BlackFideId "1737325"]
[WhiteElo "2335"]
[BlackElo "1760"]

1. e4 c6 2. d4 d5 3. f3 Nf6 4. e5 Ng8 5. c4 e6 6. Nc3 Ne7 7. f4 h5 8. Nf3 Nf5 9. Bd3 g6 10.
g3 Na6 11. a3 Nc7 12. cxd5 cxd5 13. Rg1 a6 14. h3 Bd7 15. g4 hxg4 16. hxg4 Ng7 17. Be3 Be7 18. Kf2 Rc8 19. Kg2 Kf8 20.
Rh1 Kg8 21. Rxh8+ Kxh8 22. Qh1+ Kg8 23. Qh6 Nf5 24. gxf5 Bf8 25. Qg5 Be7 26. f6 1-0

[Event "Vastgota Open 2022"]
[Site "Skara stadshotell, Jarnvagsgatan 5, Skara, Sweden"]
[Date "2022.10.29"]
[Round "1.5"]
[White "Andersson, Christer"]
[Black "Ronneland, Daniel"]
[Result "0-1"]
[TimeControl "30 minutes + 10 seconds per move from move one."]
[WhiteFideId "1734857"]
[BlackFideId "1702130"]
[WhiteElo "1749"]
[BlackElo "2206"]

1. d4 Nf6 2. Bg5 e6 3. Bxf6 Qxf6 4. e3 c5 5. Nf3 Nc6 6. c3 a6 7. Bd3 Be7 8. Nbd2 d5 9. O-O O-O 10.
Re1 Qh6 11. e4 cxd4 12. cxd4 Bb4 13. Re2 Bd7 14. e5 f5 15. exf6 Rxf6 16. Re3 Raf8 17. Nb3 Bd6 18. g3 g5 19.
Qe2 Qh5 20. Ne1 Qh3 21. f3 Qh5 22. Qg2 e5 23. g4 Qf7 24. dxe5 Nxe5 25. Be2 Nc4 26. Rc3 Bb4 27. Nc2 Bxc3 28.
bxc3 Ba4 29. Nbd4 Bxc2 30. Nxc2 Qe6 31. Kh1 Ne3 32. Nxe3 Qxe3 0-1

[Event "Vastgota Open 2022"]
[Site "Skara stadshotell, Jarnvagsgatan 5, Skara, Sweden"]
[Date "2022.10.29"]
[Round "1.6"]
[White "Johansson, Ulf"]
[Black "Jamtbo, Patrik"]
[Result "1-0"]
[TimeControl "30 minutes + 10 seconds per move from move one."]
[WhiteFideId "1701380"]
[BlackFideId "1718339"]
[WhiteElo "2183"]
[BlackElo "1729"]

1. Nf3 d5 2. g3 Nf6 3. Bg2 g6 4. b3 Bg7 5. Bb2 b6 6. O-O Bb7 7. d3 O-O 8. Nbd2 Re8 9. Re1 Nbd7 10. c4 c6 11. Rc1 Rc8 12.
b4 e5 13. cxd5 cxd5 14. e4 Rxc1 15. Bxc1 dxe4 16. dxe4 Qa8 17. Nc4 Nxe4 18. Qxd7 Nf6 19. Qd1 e4 20. Nfe5 b5 21. Nxf7 bxc4 22.
Ng5 h6 23. Nh3 Qd8 24. Qa4 Qb6 25. Be3 Qa6 26. Qxa6 Bxa6 27. Bxa7 c3 28. a4 Bd3 29. Nf4 g5 30. Ne2 Nd5 31.
b5 Rc8 32. b6 Ba6 33. Bxe4 c2 34. Bxd5+ Kh7 35. b7 Bxb7 36. Bxb7 Rc7 37. Be4+ Kh8 38. Be3 Bb2 39. a5 Re7 40.
Bxc2 Be5 41. a6 Bb8 42. Ra1 Ba7 43. Bxa7 Rxa7 44. Nd4 Kg7 45. Nb5 Ra8 46. a7 Kf6 47. Be4 Rxa7 48. Rxa7 Ke5 49. f3 g4 50. Rd7 h5 51.
Rd5+ Kf6 52. f4 Ke6 53. Nd4+ Kf6 54. Ra5 Ke7 55. Ra6 Kf7 56. Bg6+ Kg7 57. Nf5+ Kf8 58. Ra7 1-0

[Event "Vastgota Open 2022"]
[Site "Skara stadshotell, Jarnvagsgatan 5, Skara, Sweden"]
[Date "2022.10.29"]
[Round "1.7"]
[White "Berglund, Joar"]
[Black "Wengholm, Anders"]
[Result "0-1"]
[TimeControl "30 minutes + 10 seconds per move from move one."]
[WhiteFideId "1737856"]
[BlackFideId "1704818"]
[WhiteElo "1725"]
[BlackElo "2179"]

1. e4 c5 2. Nf3 e6 3.
d4 cxd4 4. Nxd4 Nf6 5. Nc3 d6 6.
Be3 a6 7. f3 b5 8. a4 b4 9. Nce2 Nbd7 10. Qd2 d5 11. exd5 Nxd5 12. Bg5 Qc7 13. Bh4 Bd6 14. Bg3 Bxg3+ 15. Nxg3 O-O 16. Bd3 Nc5 17. O-O Nxd3 18.
Qxd3 Bb7 19. Kh1 Rac8 20. Rf2 g6 21. Ne4 Kg7 22. Rd1 Qa5 23. b3 Qc7 24. Rfd2 e5 25. Ne2 Rfd8 26. N2g3 Nc3 27.
Qxd8 Rxd8 28. Rxd8 Nxd1 29. Rxd1 Qxc2 30.
Re1 Qxb3 31. Nc5 Qc3 0-1

[Event "Vastgota Open 2022"]
[Site "Skara stadshotell, Jarnvagsgatan 5, Skara, Sweden"]
[Date "2022.10.29"]
[Round "1.8"]
[White "Eklund, Lars-Goran"]
[Black "Andersson, Christian"]
[Result "1-0"]
[TimeControl "30 minutes + 10 seconds per move from move one."]
[WhiteTitle "FM"]
[WhiteFideId "1701010"]
[BlackFideId "1724789"]
[WhiteElo "2176"]
[BlackElo "1719"]

1. Nf3 Nf6 2. c4 c5 3. Nc3 Nc6 4. d4 cxd4 5. Nxd4 e5 6. Ndb5 d6 7. Nd5 Nxd5 8. cxd5 Qa5+ 9. Nc3 Ne7 10. e4 Bd7 11. Qb3 Rc8 12. Bd2 g6 13.
Nb5 Qb6 14. a4 a5 15. Be3 Rc5 16. Bxc5 Qxc5 17. Qc4 Nc8 18. Be2 Bh6 19. O-O O-O 20. Na3 f5 21. Qxc5 dxc5 22. Nc4 Rf6 23.
Nxe5 Be8 24. exf5 Rxf5 25. Bg4 Rxe5 26.
Bxc8 Rxd5 27. Be6+ 1-0

[Event "Vastgota Open 2022"]
[Site "Skara stadshotell, Jarnvagsgatan 5, Skara, Sweden"]
[Date "2022.10.29"]
[Round "1.9"]
[White "Bohman, Leif"]
[Black "Johnson, Daniel"]
[Result "0-1"]
[TimeControl "30 minutes + 10 seconds per move from move one."]
[WhiteFideId "1710354"]
[BlackFideId "1721283"]
[WhiteElo "1687"]
[BlackElo "2155"]

1. d4 Nf6 2. Nf3 e6 3. Bf4 d5 4.
e3 Bd6 5. Bg3 O-O 6. Nbd2 c5 7. c3 Qc7 8. Bd3 Nbd7 9. Qe2 e5 10. dxe5 Nxe5 11. Bc2 Re8 12. Nxe5 Bxe5 13. Nf3 Bxg3 14. hxg3 h6 15. O-O Bg4 16.
Qd3 Rad8 17. Rfe1 Ne4 18. Nh2 Bf5 19. Qe2 Bg6 20. Rad1 Qb6 21. Bb1 Qc6 22. Bd3 a6 23. Nf1 c4 24.
Bb1 Nc5 25. Bxg6 Qxg6 26. Rd4 Nd3 27. Rd1 Re4 28. Nh2 Rxd4 29. cxd4 b5 30. Nf3 Qh5 31. Rd2 a5 32. b3 a4 33.
bxa4 bxa4 34. Qd1 a3 35. Qb1 Qg6 36. Ne1 Nxe1 37. Qxe1 Rb8 38. Kf1 c3 39. Rd1 c2 40. Rc1 Rb1 41.
Qd2 Rxc1+ 42. Qxc1 Qd3+ 0-1

[Event "Vastgota Open 2022"]
[Site "Skara stadshotell, Jarnvagsgatan 5, Skara, Sweden"]
[Date "2022.10.29"]
[Round "1.10"]
[White "Lind, Jan-Olov"]
[Black "Nielsen, Peter"]
[Result "1-0"]
[TimeControl "30 minutes + 10 seconds per move from move one."]
[WhiteFideId "1701193"]
[BlackFideId "1707485"]
[WhiteElo "2123"]
[BlackElo "1683"]

1. e4 c5 2. Nf3 Nc6 3. d3 g6 4. g3 Bg7 5. Bg2 e5 6. O-O Nge7 7. c3 O-O 8. a3 d6 9. b4 a6 10. h3 h6 11. Be3 b6 12.
d4 cxd4 13. cxd4 exd4 14. Nxd4 Bb7 15. Ra2 Nxd4 16. Bxd4 Nc6 17. Bxg7 Kxg7 18. Rd2 Qc7 19. Rxd6 Rad8 20. Rxd8 Rxd8 21.
Qc2 Qe5 22. Kh2 Rc8 23. f4 Qe7 24. Qb2+ Kg8 25. Rc1 Nd8 26. Rxc8 Bxc8 27. Qd4 b5 28. Nc3 Ne6 29. Nd5 Qd8 30.
Qa7 Kg7 31. Qb8 Qd7 32. Qe5+ 1-0

[Event "Vastgota Open 2022"]
[Site "Skara stadshotell, Jarnvagsgatan 5, Skara, Sweden"]
[Date "2022.10.29"]
[Round "2.1"]
[White "Blomqvist, Erik"]
[Black "Blauhut, Holger"]
[Result "1-0"]
[TimeControl "30 minutes + 10 seconds per move from move one."]
[WhiteTitle "GM"]
[BlackTitle "CM"]
[WhiteFideId "1709437"]
[BlackFideId "24665177"]
[WhiteElo "2490"]
[BlackElo "2037"]

1. d4 d5 2. Bf4 Nf6 3. e3 c5 4. Nf3 e6 5. Nbd2 Nc6 6. c3 cxd4 7. exd4 Nh5 8. Be3 f5 9. Ne5 g6 10. Ndf3 Bd6 11. Bh6 Qc7 12. Bb5 a6 13.
Bxc6+ bxc6 14. O-O Bf8 15. Bxf8 Kxf8 16. Qa4 c5 17. Qa3 Kg7 18. Qxc5 Qxc5 19. dxc5 a5 20. b4 Ba6 21. Rfe1 Nf4 22.
Nd4 axb4 23. cxb4 Bc4 24. a4 Rhe8 25. b5 1-0

[Event "Vastgota Open 2022"]
[Site "Skara stadshotell, Jarnvagsgatan 5, Skara, Sweden"]
[Date "2022.10.29"]
[Round "2.2"]
[White "Moborn, Anders"]
[Black "Cramling, Pia"]
[Result "0-1"]
[TimeControl "30 minutes + 10 seconds per move from move one."]
[BlackTitle "GM"]
[WhiteFideId "1706349"]
[BlackFideId "1700030"]
[WhiteElo "2038"]
[BlackElo "2421"]

1. d4 Nf6 2. c4 e6 3. Nf3 b6 4. g3 Ba6 5. Qc2 c5 6. Bg2 Nc6 7. dxc5 Bxc5 8. a3 Be7 9.
O-O Rc8 10. Rd1 Qc7 11. b3 O-O 12. Bb2 Rfd8 13. Nc3 Na5 14. Rd2 d5 15. cxd5 Nxd5 16. Rc1 Nxc3 17. Rxd8+ Qxd8 18. Bxc3 Bxa3 19.
Rd1 Qe7 20. Ne5 Bb5 21. Nd3 Qc7 22. Qa2 Qxc3 23. Qxa3 Qxb3 0-1

[Event "Vastgota Open 2022"]
[Site "Skara stadshotell, Jarnvagsgatan 5, Skara, Sweden"]
[Date "2022.10.29"]
[Round "2.3"]
[White "Bellon Lopez, Juan Manuel"]
[Black "Bengtsson, Siv"]
[Result "0-1"]
[TimeControl "30 minutes + 10 seconds per move from move one."]
[WhiteTitle "GM"]
[WhiteFideId "2200031"]
[BlackFideId "1701673"]
[WhiteElo "2347"]
[BlackElo "1952"]

1. d4 Nf6 2. Bg5 e6 3. e3 Be7 4. Nf3 d5 5. Nbd2 c5 6. c3 Nbd7 7. Bd3 O-O 8. O-O b6 9. a4 Bb7 10. Qc2 h6 11. Bh4 Rc8 12. Rfd1 Qc7 13.
Rac1 Rfe8 14. Qb1 Qb8 15. Bg3 Bd6 16. b4 Bxg3 17. hxg3 c4 18. Be2 e5 19. dxe5 Nxe5 20. Nxe5 Qxe5 21.
Nf3 Qe4 22. Nd4 Rcd8 23. Bf3 Qxb1 24. Rxb1 Ne4 25. Rbc1 g6 26. Nb5 a6 27. Nc7 Re7 28. Bxe4 Rxe4 29. b5 axb5 30. Nxb5 Ra8 31. Nd6 Re7 32. Nxb7 Rxb7 33.
Rxd5 Rxa4 34. Rb5 Ra2 35. g4 Rd7 36. Rb4 Rdd2 37. Rf1 b5 38. Rxb5 Rac2 39. g5 hxg5 40. Rxg5 Rxc3 41. Rg3 Rcd3 42. Kh2 Rd1 43. Rxd1 Rxd1 44. Rg4 c3 45. Rc4 Rd2 46. Kg3 Rc2 47. e4 Kf8 48. Rc7 Re2 49.
Kf3 Rc2 50. Ke3 Kg7 51. g3 Kf6 52.
Rc6+ Kg7 53. g4 Rc1 54. f3 Re1+ 55. Kd3 Rf1 56. Ke2 Rc1 57. e5 c2 58. Kf2 Rh1 0-1

[Event "Vastgota Open 2022"]
[Site "Skara stadshotell, Jarnvagsgatan 5, Skara, Sweden"]
[Date "2022.10.29"]
[Round "2.4"]
[White "Bengtsson, Jessica"]
[Black "Golubka, Petro"]
[Result "0-1"]
[TimeControl "30 minutes + 10 seconds per move from move one."]
[WhiteTitle "WFM"]
[BlackTitle "GM"]
[WhiteFideId "1711083"]
[BlackFideId "14114224"]
[WhiteElo "2003"]
[BlackElo "2335"]

1. e4 b6 2. d4 Bb7 3. Nc3 e6 4. Bd3 Nc6 5. Nf3 Nb4 6. Be2 Nf6 7. a3 Nc6 8. O-O Ne7 9. Bd3 Ng6 10. Re1 d6 11. h3 Be7 12. a4 a6 13. Bd2 O-O 14. b4 c6 15.
a5 c5 16. axb6 cxb4 17. Na4 d5 18. e5 Ne4 19. Qb1 a5 20. Bb5 f6 21. exf6 Rxf6 22. Bg5 Rxf3 23. Bxe7 Qxe7 24. Rxe4 dxe4 25.
gxf3 Qg5+ 26. Kf1 Qxb5+ 0-1

[Event "Vastgota Open 2022"]
[Site "Skara stadshotell, Jarnvagsgatan 5, Skara, Sweden"]
[Date "2022.10.29"]
[Round "2.5"]
[White "Ronneland, Daniel"]
[Black "Bailly, Thierry"]
[Result "1-0"]
[TimeControl "30 minutes + 10 seconds per move from move one."]
[WhiteFideId "1702130"]
[BlackFideId "26051680"]
[WhiteElo "2206"]
[BlackElo "1931"]

1. e4 c5 2. Nf3 e6 3. d4 cxd4 4. Nxd4 Nf6 5. Nc3 Nc6 6. Nxc6 bxc6 7. e5 Nd5 8. Ne4 Qc7 9. f4 Qb6 10. c4 Bb4+ 11. Ke2 f5 12. Nf2 Ba6 13. Kf3 Nc7 14. Be3 Bc5 15. Bxc5 Qxc5 16. Qd6 Qb6 17.
Rd1 O-O-O 18. b4 Ne8 19. Qe7 Rg8 20. h4 g6 21. Bd3 c5 22. Qxc5+ Qxc5 23. bxc5 Ng7 24. Be2 Nh5 25. Rd6 Bb7+ 26.
Ke3 Ng3 27. Rg1 Nxe2 28. Kxe2 Kc7 29. g4 Bc6 30. Rdd1 Rb8 31. Rb1 Ba4 32. Kd3 Rgf8 33. Rxb8 Rxb8 34. gxf5 exf5 35. Kc3 Bc6 36.
Nd3 Be4 37. Nb4 Rb7 38. Rd1 a5 39. Nd5+ Kc6 40. Nf6 a4 41. Nxh7 a3 42. Nf6 Rb2 43. Rd2 Rxd2 44. Kxd2 Bb1 45. Nd5 Kxc5 46. Nc3 Be4 47.
Nxe4+ fxe4 48. f5 gxf5 49. h5 Kd4 50. h6 e3+ 51. Ke2 Ke4 52. h7 f4 53. h8=Q f3+ 54. Ke1 Kd3 55. Qh7+ 1-0

[Event "Vastgota Open 2022"]
[Site "Skara stadshotell, Jarnvagsgatan 5, Skara, Sweden"]
[Date "2022.10.29"]
[Round "2.6"]
[White "Johansson, Stefan"]
[Black "Johansson, Ulf"]
[Result "0-1"]
[TimeControl "30 minutes + 10 seconds per move from move one."]
[WhiteFideId "1733745"]
[BlackFideId "1701380"]
[WhiteElo "1946"]
[BlackElo "2183"]

1. e4 c5 2. Nc3 Nc6 3. g3 g6 4. Bg2 Bg7 5. d3 d6 6. f4 e5 7. Nf3 Nge7 8. O-O Bg4 9. h3 Bd7 10. fxe5 dxe5 11. Bg5 f6 12. Be3 Nd4 13.
a4 Be6 14. Qd2 Qd7 15. Kh2 O-O 16. Rf2 Rad8 17. Rd1 Rfe8 18. Qc1 b6 19. b3 a6 20. Qa3 Qc7 21. Qb2 Qc8 22. Na2 b5 23.
axb5 axb5 24. b4 Nxf3+ 25. Rxf3 cxb4 26. Nxb4 f5 27. Rff1 f4 28. Bf2 Rf8 29. Be1 g5 30. g4 h5 31. Bc3 hxg4 32. hxg4 Ng6 33. d4 Bxg4 34.
Rd3 Be2 35. Qb3+ Rf7 36. dxe5 Bxd3 37.
cxd3 g4 38. Nd5 f3 39. Bh1 Qb8 40. Kg1 Bxe5 41. Nf6+ Bxf6 42. Bxf6 Qg3+ 0-1

[Event "Vastgota Open 2022"]
[Site "Skara stadshotell, Jarnvagsgatan 5, Skara, Sweden"]
[Date "2022.10.29"]
[Round "2.7"]
[White "Wengholm, Anders"]
[Black "Cederqvist, Niclas"]
[Result "0-1"]
[TimeControl "30 minutes + 10 seconds per move from move one."]
[WhiteFideId "1704818"]
[BlackFideId "1702076"]
[WhiteElo "2179"]
[BlackElo "1883"]

1. d4 d5 2. c4 c6 3.
Nf3 Nf6 4. Nc3 Bf5 5. cxd5 cxd5 6. Qb3 b6 7. Bg5 e6 8. e4 dxe4 9. Bb5+ Ke7 10. Ne5 a6 11.
Bc6 Ra7 12. d5 h6 13. d6+ Qxd6 14. Qxb6 Qc7 15. Be3 Qxb6 16. Bxb6 Rd7 17. Bc5+ Kd8 18. Bxf8 Rxf8 19. Nxd7 Nfxd7 20. Bxe4 Bxe4 21. Nxe4 Ke7 22. Rc1 f5 23. Nd2 Ne5 24. Ke2 Rd8 25. Rc3 Nbc6 26. Nb3 Nb4 27. Rd1 Nd5 28. Rcc1 Rb8 29.
g3 g5 30. Rd2 f4 31. Nd4 Kf6 32. a3 a5 33. Nc6 f3+ 34. Kd1 Rb6 35. Nxe5 Kxe5 36. Rc4 h5 37. Rc5 Ra6 38. Kc2 Ke4 39. Rc4+ Ke5 40. Rd1 Nf6 41. Rc5+ Nd5 42. Rc4 Kf5 43. h3 Nf6 44. Re1 e5 45.
Rc5 Ne4 46. Rc8 Nxf2 47. Rf8+ Rf6 48. Rxf6+ Kxf6 49. b4 axb4 50.
axb4 e4 51. b5 Ke6 52. Kc3 Kd6 53. Kd4 g4 54. hxg4 hxg4 55. Ra1 Kc7 56. Ke3 Nd3 57. Kxe4 Nc5+ 58. Kd5 Kb6 59. Rh1 Nd3 60. Kd4 Nf2 61.
Rh5 Nh3 62. Kc4 Ng1 63. Rh6+ Kb7 64. Rf6 Ne2 65. Kc5 Nxg3 66. Rf7+ Kb8 67. Kc6 Ne2 68. b6 Nd4+ 69. Kd5 g3 70. Kxd4 g2 71.
Kd5 g1=Q 0-1

[Event "Vastgota Open 2022"]
[Site "Skara stadshotell, Jarnvagsgatan 5, Skara, Sweden"]
[Date "2022.10.29"]
[Round "2.8"]
[White "Gustavsson, Ingemar"]
[Black "Eklund, Lars-Goran"]
[Result "0-1"]
[TimeControl "30 minutes + 10 seconds per move from move one."]
[BlackTitle "FM"]
[WhiteFideId "1723340"]
[BlackFideId "1701010"]
[WhiteElo "1903"]
[BlackElo "2176"]

1. e4 Nc6 2. Nc3 Nf6 3.
d4 d6 4. Nf3 Bg4 5. Be2 e5 6. d5 Nb8 7. h3 Bh5 8. Be3 c6 9. Nd2 Bg6 10. h4 h5 11. Bg5 Nbd7 12. g4 hxg4 13. Bxg4 Be7 14. Bf3 cxd5 15. exd5 Rc8 16. h5 Bf5 17.
Bxf6 Nxf6 18. Qe2 Qa5 19. Nb3 Qc7 20. O-O-O a6 21. Kb1 b5 22. Rc1 Qb6 23. Nd1 a5 24. Ne3 Bd7 25. Rhg1 Kf8 26. Rg3 e4 27. Bh1 a4 28. Nd2 Qd4 29. Rcg1 a3 30.
c3 Qd3+ 31. Qxd3 exd3 32. Rxg7 axb2 33. Kxb2 Nxh5 34. R7g2 Nf4 35. Ne4 Nxg2 36. Bxg2 f5 37. Nd2 Bf6 38. Nd1 b4 39. Nb1 Rg8 40.
f4 Re8 41. Kb3 Re2 42. Bf3 Rxg1 43. Bxe2 dxe2 0-1

[Event "Vastgota Open 2022"]
[Site "Skara stadshotell, Jarnvagsgatan 5, Skara, Sweden"]
[Date "2022.10.29"]
[Round "2.9"]
[White "Johnson, Daniel"]
[Black "Magnussen, Pal"]
[Result "1-0"]
[TimeControl "30 minutes + 10 seconds per move from move one."]
[WhiteFideId "1721283"]
[BlackFideId "1711814"]
[WhiteElo "2155"]
[BlackElo "1861"]

1. d4 c5 2. d5 Nf6 3. c4 b5 4.
cxb5 a6 5. e3 d6 6. Nc3 g6 7. Nf3 Bg7 8. a4 O-O 9. e4 axb5 10. Bxb5 Ba6 11.
Be2 Bxe2 12. Qxe2 Nbd7 13. O-O Ng4 14. Nd2 h5 15. h3 Ngf6 16. f4 Qb6 17. Nc4 Qa6 18. e5 Ne8 19. e6 Nb6 20.
Nxb6 Qxb6 21. f5 Bd4+ 22. Kh1 Nf6 23. Bh6 Qb7 24. exf7+ Kh7 25. Bxf8 Rxf8 26. fxg6+ Kxg6 27. a5 Bxc3 28.
Qd3+ Kxf7 29. bxc3 Qb2 30. Rab1 Qa2 31. Qh7+ 1-0

[Event "Vastgota Open 2022"]
[Site "Skara stadshotell, Jarnvagsgatan 5, Skara, Sweden"]
[Date "2022.10.29"]
[Round "2.10"]
[White "Koski, Viljo"]
[Black "Lind, Jan-Olov"]
[Result "1/2-1/2"]
[TimeControl "30 minutes + 10 seconds per move from move one."]
[WhiteFideId "1717553"]
[BlackFideId "1701193"]
[WhiteElo "1870"]
[BlackElo "2123"]

1. d4 g6 2. c4 Bg7 3. Nf3 Nf6 4. Nc3 O-O 5. h3 d6 6.
Bf4 Nbd7 7. e3 b6 8. Be2 Bb7 9.
O-O Re8 10. Bh2 e5 11. dxe5 dxe5 12. Qd2 e4 13. Nd4 Ne5 14. Rad1 Qe7 15. Qc2 h5 16. Bf4 Qc5 17. Ncb5 a6 18. Nb3 Qe7 19. Nc3 Rad8 20. Rxd8 Rxd8 21. Rd1 Rxd1+ 22. Qxd1 1/2-1/2

[Event "Vastgota Open 2022"]
[Site "Skara stadshotell, Jarnvagsgatan 5, Skara, Sweden"]
[Date "2022.10.29"]
[Round "3.1"]
[White "Nilsson, Patrik"]
[Black "Blomqvist, Erik"]
[Result "0-1"]
[TimeControl "30 minutes + 10 seconds per move from move one."]
[BlackTitle "GM"]
[WhiteFideId "1708171"]
[BlackFideId "1709437"]
[WhiteElo "2085"]
[BlackElo "2490"]

1. d4 Nf6 2. Bf4 d5 3. e3 c5 4. c3 Nc6 5. Nd2 Bf5 6. Ngf3 e6 7. Qb3 Qc8 8. c4 cxd4 9. Nxd4 Nxd4 10.
exd4 dxc4 11. Nxc4 Nd5 12. Bd2 Be7 13. Ne5 O-O 14. Rc1 Qd8 15. Be2 Bg5 16. Bxg5 Qxg5 17. O-O Nf4 18. Bf3 Bh3 19.
Qxb7 Rab8 20. Qe4 Rxb2 21. Kh1 f5 22.
Qc6 Rb6 23. gxh3 Rxc6 24. Rxc6 Nxh3 25. Rxe6 Rb8 26. Rc6 Nxf2+ 0-1

[Event "Vastgota Open 2022"]
[Site "Skara stadshotell, Jarnvagsgatan 5, Skara, Sweden"]
[Date "2022.10.29"]
[Round "3.2"]
[White "Cramling, Pia"]
[Black "Aroven, Mikael"]
[Result "1-0"]
[TimeControl "30 minutes + 10 seconds per move from move one."]
[WhiteTitle "GM"]
[WhiteFideId "1700030"]
[BlackFideId "1709534"]
[WhiteElo "2421"]
[BlackElo "2089"]

1. Nf3 Nf6 2. c4 g6 3. Nc3 d5 4. cxd5 Nxd5 5. Qb3 Nxc3 6. Qxc3 Rg8 7. d4 Nc6 8. e4 Qd6 9. Bc4 Bg7 10.
e5 Qb4 11. Ng5 Qxc3+ 12. bxc3 e6 13.
Nxh7 Na5 14. Bd3 c5 15. Bg5 Bd7 16. O-O Rc8 17. Rab1 c4 18. Be4 Bc6 19. Bxc6+ Rxc6 20. Rb5 b6 21.
d5 Rc7 22. Bf6 Rh8 23. Ng5 Rh5 24. Ne4 Bf8 25. g4 Rh3 26. f3 Kd7 27. Kg2 Rh6 28. d6 Rc8 29. Ng5 Nb7 30. Nxf7 Rh7 31.
Ng5 Rh6 32. Ne4 Rh7 33. Rd1 Bh6 34. Bg5 Bxg5 35. Nxg5 Nc5 36. Nxh7 1-0

[Event "Vastgota Open 2022"]
[Site "Skara stadshotell, Jarnvagsgatan 5, Skara, Sweden"]
[Date "2022.10.29"]
[Round "3.3"]
[White "Golubka, Petro"]
[Black "Danielsson, Fredrik"]
[Result "1-0"]
[TimeControl "30 minutes + 10 seconds per move from move one."]
[WhiteTitle "GM"]
[WhiteFideId "14114224"]
[BlackFideId "1729993"]
[WhiteElo "2335"]
[BlackElo "2082"]

1. e4 d5 2. e5 c5 3. f4 Nc6 4. Nf3 Bg4 5. Bb5 Qb6 6. a4 a6 7. Bxc6+ Qxc6 8. h3 Bxf3 9. Qxf3 e6 10.
Nc3 Ne7 11. Ne2 h5 12. g3 d4 13. Qxc6+ Nxc6 14. d3 Nb4 15. Kd1 g6 16. Bd2 Nd5 17. a5 Be7 18. c3 dxc3 19. bxc3 O-O-O 20. Kc2 Rd7 21. c4 Nb4+ 22. Bxb4 cxb4 23. d4 Rhd8 24. Kb3 Kb8 25. c5 Kc7 26. Kc4 Kc6 27. Rhc1 Rd5 28. Rab1 R8d7 29.
Rxb4 Bd8 30. Ra1 Be7 31. Rb6+ Kc7 32. Rd6 Kc8 33. Nc3 Bxd6 34. cxd6 b5+ 35. axb6 Kb7 36. Nxd5 exd5+ 37. Kxd5 Rd8 38.
g4 hxg4 39. hxg4 Kxb6 40. Rb1+ 1-0

[Event "Vastgota Open 2022"]
[Site "Skara stadshotell, Jarnvagsgatan 5, Skara, Sweden"]
[Date "2022.10.29"]
[Round "3.4"]
[White "Kleimark, Anders"]
[Black "Ronneland, Daniel"]
[Result "1-0"]
[TimeControl "30 minutes + 10 seconds per move from move one."]
[WhiteFideId "1709968"]
[BlackFideId "1702130"]
[WhiteElo "2048"]
[BlackElo "2206"]

1. d4 Nf6 2. c4 c5 3. d5 b5 4. cxb5 a6 5. bxa6 Bxa6 6. Nc3 d6 7. e4 Bxf1 8. Kxf1 g6 9. g3 Bg7 10.
Kg2 O-O 11. Nf3 Nbd7 12. a4 Ra6 13. Qe2 Qa8 14. Bf4 e6 15. dxe6 fxe6 16. Rhd1 d5 17. exd5 exd5 18. Nb5 Qc6 19.
Kg1 Kh8 20. Qd3 d4 21. Bd6 Rfa8 22. Ng5 Rxa4 23. Rxa4 Rxa4 24. Nf7+ Kg8 25. Qb3 Rb4 26. Nh6+ Kh8 27. Qg8+ 1-0

[Event "Vastgota Open 2022"]
[Site "Skara stadshotell, Jarnvagsgatan 5, Skara, Sweden"]
[Date "2022.10.29"]
[Round "3.5"]
[White "Johansson, Ulf"]
[Black "Bengtsson, Siv"]
[Result "1-0"]
[TimeControl "30 minutes + 10 seconds per move from move one."]
[WhiteFideId "1701380"]
[BlackFideId "1701673"]
[WhiteElo "2183"]
[BlackElo "1952"]

1. Nf3 Nf6 2. g3 e6 3. Bg2 c5 4. c4 d5 5. cxd5 Nxd5 6. d4 Nc6 7. O-O Nc7 8. Ne5 Bd7 9. Nxd7 Qxd7 10.
dxc5 Qxd1 11. Rxd1 Bxc5 12. Nc3 Ke7 13. Bf4 Rac8 14. Rac1 Rhd8 15. Rxd8 Kxd8 16. Bxc6 bxc6 17. Ne4 Bd4 18.
Rd1 e5 19. Bxe5 Ne6 20. Bxd4 Ke7 21. Bc5+ Nxc5 22. Nxc5 Rb8 23. b3 Rb5 24. Nd3 Ra5 25. Rd2 Rd5 26. Rc2 Kd6 27. Kg2 g5 28.
Nb4 Rb5 29. Nxc6 a5 30. Nd4 Rd5 31. e3 h5 32. Rc6+ Ke7 33. Rb6 f5 34. Rb5 Rxb5 35. Nxb5 Ke6 36. Na3 Kd5 37. Kf3 Kc5 38.
Nc2 1-0